NYP
MILWAUKEE (NYP) BREWERS @ CINCINNATI (NYP) REDS
09/17/2047
 
TOP OF THE 1ST
Milwaukee (NYP) Brewers batting - Pitching for Cincinnati (NYP) Reds : RHP Kevin Nabity
Pitching: RHP Kevin Nabity
Batting: SHB Aaron Neill 0-0: Ball
1-0: Foul Ball, location: 2F
1-1: Foul Ball, location: 2F
1-2: Strikes out looking
Batting: SHB Orlando Torres 0-0: Ball
1-0: Ball
2-0: Ground out 4-3 (Groundball, 4, EV 87.5 MPH)
Batting: LHB Tyler Francis 0-0: Called Strike
0-1: Ball
1-1: Ball
2-1: Called Strike
2-2: Foul Ball, location: 2F
2-2: Strikes out swinging
Top of the 1st over - 0 runs, 0 hits, 0 errors, 0 left on base; Milwaukee (NYP) 0 - Cincinnati (NYP) 0
BOTTOM OF THE 1ST
Cincinnati (NYP) Reds batting - Pitching for Milwaukee (NYP) Brewers : RHP Danny Newbegin
Pitching: RHP Danny Newbegin
Batting: RHB Cyd Carver 0-0: Swinging Strike
0-1: Ball
1-1: Ball
2-1: Ground out U3 (Groundball, 3, EV 105.0 MPH)
Batting: LHB Jamie Spangenberg 0-0: Ball
1-0: Ball
2-0: Fly out, F7 (Flyball, 7, EV 89.4 MPH)
Batting: LHB Matt Kennedy 0-0: Ball
1-0: SINGLE (Groundball, 56, EV 100.0 MPH) (infield hit)
Batting: LHB Leo Gomez 0-0: Ball
1-0: Ground out 4-3 (Groundball, 34, EV 91.2 MPH)
Bottom of the 1st over - 0 runs, 1 hit, 0 errors, 1 left on base; Milwaukee (NYP) 0 - Cincinnati (NYP) 0
TOP OF THE 2ND
Milwaukee (NYP) Brewers batting - Pitching for Cincinnati (NYP) Reds : RHP Kevin Nabity
Batting: RHB Ryan Miller 0-0: Ball
1-0: Foul Ball, location: 2F
1-1: Fly out, F7 (Flyball, 78S, EV 89.4 MPH)
Batting: RHB Chris Maul 0-0: Ball
1-0: Ball
2-0: TRIPLE (Flyball, 89XD, EV 111.2 MPH)
Batting: RHB Jose Cerritos 0-0: Ball
1-0: Foul Ball, location: 2F
1-1: Fly out, F7 (Flyball, 7S, EV 83.8 MPH)
Batting: RHB Victor Alarcon 0-0: Ball
1-0: Called Strike
1-1: Ground out 6-3 (Groundball, 6, EV 92.5 MPH)
Top of the 2nd over - 0 runs, 1 hit, 0 errors, 1 left on base; Milwaukee (NYP) 0 - Cincinnati (NYP) 0
BOTTOM OF THE 2ND
Cincinnati (NYP) Reds batting - Pitching for Milwaukee (NYP) Brewers : RHP Danny Newbegin
Batting: SHB Jaivata Mohanty 0-0: SINGLE (Groundball, 4M, EV 105.0 MPH) (infield hit)
Batting: RHB Alex Villagomez 0-0: Ball
Passed Ball!
Jaivata Mohanty to second
1-0: Ball
2-0: Called Strike
2-1: Ground out 6-3 (Groundball, 6, EV 86.9 MPH)
Batting: RHB Ben Hinman 0-0: Foul Ball, location: 2F
0-1: Ball
1-1: Ball
2-1: Ball
3-1: Ground out 5-3 (Groundball, 56, EV 86.9 MPH)
Batting: RHB Tim Walter 0-0: Ball
1-0: Ball
2-0: Foul Ball, location: 2F
2-1: Foul Ball, location: 2F
2-2: Foul Ball, location: 2F
2-2: SINGLE (Groundball, 56D, EV 94.4 MPH)
Jaivata Mohanty to third
Runner from 3rd tries for Home, SAFE, throw by LF to home
Batting: RHB John Hopkins 0-0: Ball
1-0: Ball
2-0: DOUBLE (Line Drive, 7LM, EV 96.2 MPH)
Tim Walter to third
Runner from 3rd tries for Home, SAFE, throw by LF to trailing runner, SAFE at third!
Batting: RHB Cyd Carver 0-0: Ball
1-0: Foul Ball, location: 2F
1-1: Foul Ball, location: 2F
1-2: Ball
2-2: Ball
3-2: Base on Balls
Batting: LHB Jamie Spangenberg 0-0: Swinging Strike
0-1: Fly out, F7 (Line Drive, 7, EV 93.8 MPH)
Bottom of the 2nd over - 2 runs, 3 hits, 0 errors, 2 left on base; Milwaukee (NYP) 0 - Cincinnati (NYP) 2
TOP OF THE 3RD
Milwaukee (NYP) Brewers batting - Pitching for Cincinnati (NYP) Reds : RHP Kevin Nabity
Batting: RHB Leo Serrano 0-0: Foul Ball, location: 2F
0-1: Ball
1-1: Ball
2-1: SINGLE (Line Drive, 8RS, EV 98.1 MPH)
Batting: RHB Justin Marino 0-0: Ball
Balk!
Leo Serrano to second
1-0: Called Strike
1-1: Swinging Strike
1-2: Ball
Pickoff Throw to Second - Out!
2-2: Strikes out swinging
Batting: SHB Aaron Neill 0-0: Swinging Strike
0-1: Ball
1-1: Fly out, F8 (Flyball, 8RM, EV 81.9 MPH)
Top of the 3rd over - 0 runs, 1 hit, 0 errors, 0 left on base; Milwaukee (NYP) 0 - Cincinnati (NYP) 2
BOTTOM OF THE 3RD
Cincinnati (NYP) Reds batting - Pitching for Milwaukee (NYP) Brewers : RHP Danny Newbegin
Batting: LHB Matt Kennedy 0-0: Called Strike
0-1: Foul Ball, location: 2F
0-2: Strikes out swinging
Batting: LHB Leo Gomez 0-0: Called Strike
0-1: Swinging Strike
0-2: Ball
1-2: Foul Ball, location: 2F
1-2: Foul Ball, location: 2F
1-2: Foul Ball, location: 2F
1-2: Ball
2-2: Foul Ball, location: 2F
2-2: Foul Ball, location: 2F
2-2: SOLO HOME RUN (Flyball, 7D, EV 99.4 MPH), Distance : 401 ft
Batting: SHB Jaivata Mohanty 0-0: Called Strike
0-1: Foul Ball, location: 2F
0-2: Ball
1-2: Strikes out swinging
Batting: RHB Alex Villagomez 0-0: Ball
1-0: Reached on error, E5 (Groundball, 56S, EV 85.0 MPH)
Batting: RHB Ben Hinman 0-0: Ball
1-0: Called Strike
1-1: Swinging Strike
1-2: Foul Ball, location: 2F
1-2: Ball
2-2: Ground out U3 (Groundball, 34, EV 95.6 MPH)
Bottom of the 3rd over - 1 run, 1 hit, 1 error, 1 left on base; Milwaukee (NYP) 0 - Cincinnati (NYP) 3
TOP OF THE 4TH
Milwaukee (NYP) Brewers batting - Pitching for Cincinnati (NYP) Reds : RHP Kevin Nabity
Batting: SHB Orlando Torres 0-0: Foul Ball, location: 2F
0-1: Called Strike
0-2: Ball
1-2: Ground out 4-3 (Groundball, 4, EV 90.6 MPH)
Batting: LHB Tyler Francis 0-0: Ground out U3 (Groundball, 3, EV 83.8 MPH)
Batting: RHB Ryan Miller 0-0: Ball
1-0: Swinging Strike
1-1: Foul Ball, location: 2F
1-2: Ball
2-2: Strikes out swinging
Top of the 4th over - 0 runs, 0 hits, 0 errors, 0 left on base; Milwaukee (NYP) 0 - Cincinnati (NYP) 3
BOTTOM OF THE 4TH
Cincinnati (NYP) Reds batting - Pitching for Milwaukee (NYP) Brewers : RHP Danny Newbegin
Batting: RHB Tim Walter 0-0: Ball
1-0: Swinging Strike
1-1: Called Strike
1-2: Foul Ball, location: 2F
1-2: Foul Ball, location: 2F
1-2: Ball
2-2: Ball
3-2: Ground out 5-3 (Groundball, 56, EV 83.8 MPH)
Batting: RHB John Hopkins 0-0: Ball
1-0: Called Strike
1-1: Foul Ball, location: 2F
1-2: Ground out 6-3 (Groundball, 6, EV 91.2 MPH)
Batting: RHB Cyd Carver 0-0: Ground out 4-3 (Groundball, 4, EV 84.4 MPH)
Bottom of the 4th over - 0 runs, 0 hits, 0 errors, 0 left on base; Milwaukee (NYP) 0 - Cincinnati (NYP) 3
TOP OF THE 5TH
Milwaukee (NYP) Brewers batting - Pitching for Cincinnati (NYP) Reds : RHP Kevin Nabity
Batting: RHB Chris Maul 0-0: Ground out 6-3 (Groundball, 6S, EV 72.5 MPH)
Batting: RHB Jose Cerritos 0-0: Called Strike
0-1: Ball
1-1: Foul Ball, location: 2F
1-2: Hit by Pitch
Batting: RHB Victor Alarcon 0-0: Called Strike
Jose Cerritos steals 2nd base
0-1: Called Strike
0-2: Ball
1-2: Ground out 6-3 (Groundball, 6, EV 109.4 MPH)
Batting: RHB Leo Serrano 0-0: Called Strike
0-1: Ball
1-1: Foul Ball, location: 2F
1-2: Ball
2-2: Ground out 2-3 (Groundball, 2L, EV 71.2 MPH)
Top of the 5th over - 0 runs, 0 hits, 0 errors, 1 left on base; Milwaukee (NYP) 0 - Cincinnati (NYP) 3
BOTTOM OF THE 5TH
Cincinnati (NYP) Reds batting - Pitching for Milwaukee (NYP) Brewers : RHP Danny Newbegin
Batting: LHB Jamie Spangenberg 0-0: Called Strike
0-1: Ball
1-1: Called Strike
1-2: SINGLE (Groundball, 34D, EV 98.8 MPH)
Batting: LHB Matt Kennedy 0-0: Ball
Wild Pitch!
Jamie Spangenberg to second
1-0: Called Strike
1-1: Called Strike
1-2: Fly out, F8 (Flyball, 8RD, EV 96.9 MPH)
Batting: LHB Leo Gomez 0-0: Intentional Walk
Batting: SHB Jaivata Mohanty 0-0: Ball
1-0: SINGLE (Groundball, 3D, EV 105.6 MPH)
Jamie Spangenberg to third
Leo Gomez to second
Runner from 3rd tries for Home, SAFE, throw by RF to home
Pitching: LHP Richie van Wijngaarden
Batting: RHB Alex Villagomez 0-0: Called Strike
0-1: Called Strike
Leo Gomez steals 3rd base
0-2: Ball
1-2: Ball
2-2: Ball
3-2: TRIPLE (Line Drive, 89XD, EV 101.9 MPH)
Leo Gomez scores
Jaivata Mohanty scores
Batting: RHB Ben Hinman 0-0: Swinging Strike
0-1: Ball
1-1: Ball
2-1: Foul Ball, location: 2F
2-2: Foul Ball, location: 2F
2-2: 2-RUN HOME RUN (Flyball, 78XD, EV 110.0 MPH), Distance : 442 ft
Batting: RHB Tim Walter 0-0: Called Strike
0-1: SINGLE (Groundball, 25, EV 68.8 MPH) (infield hit)
Batting: RHB John Hopkins 0-0: Foul Ball, location: 2F
0-1: Foul Ball, location: 2F
0-2: Strikes out looking
Batting: RHB Cyd Carver 0-0: Ball
1-0: Ball
2-0: Called Strike
2-1: Ground out 5-3 (Groundball, 5S, EV 81.9 MPH)
Bottom of the 5th over - 5 runs, 5 hits, 0 errors, 1 left on base; Milwaukee (NYP) 0 - Cincinnati (NYP) 8
TOP OF THE 6TH
Milwaukee (NYP) Brewers batting - Pitching for Cincinnati (NYP) Reds : RHP Kevin Nabity
Batting: RHB Justin Marino 0-0: Foul Ball, location: 2F
0-1: Ball
1-1: Ball
2-1: Swinging Strike
2-2: Ground out U3 (Groundball, 3L, EV 106.9 MPH)
Batting: SHB Aaron Neill 0-0: DOUBLE (Line Drive, 7LM, EV 93.1 MPH)
Batting: SHB Orlando Torres 0-0: Called Strike
Aaron Neill steals 3rd base
0-1: Swinging Strike
0-2: Ball
1-2: Fly out, F7 (Line Drive, 7, EV 95.6 MPH)
Batting: LHB Tyler Francis 0-0: Ball
1-0: Fly out, F8 (Flyball, 78S, EV 86.9 MPH)
Top of the 6th over - 0 runs, 1 hit, 0 errors, 1 left on base; Milwaukee (NYP) 0 - Cincinnati (NYP) 8
BOTTOM OF THE 6TH
Cincinnati (NYP) Reds batting - Pitching for Milwaukee (NYP) Brewers : LHP Richie van Wijngaarden
Batting: LHB Jamie Spangenberg 0-0: Ball
1-0: Ball
2-0: Ball
3-0: Called Strike
3-1: Base on Balls
Batting: LHB Matt Kennedy 0-0: Called Strike
0-1: Called Strike
0-2: Ball
1-2: Ball
2-2: SINGLE (Flyball, 34D, EV 87.5 MPH)
Jamie Spangenberg to second
Batting: LHB Leo Gomez 0-0: Foul Ball, location: 2F
0-1: Swinging Strike
0-2: Hit by Pitch
Jamie Spangenberg to third
Matt Kennedy to second
Batting: SHB Jaivata Mohanty 0-0: Called Strike
0-1: Swinging Strike
0-2: Ball
Passed Ball!
Jamie Spangenberg scores
Matt Kennedy to third
Leo Gomez to second
1-2: Foul Ball, location: 2F
1-2: Strikes out looking
Batting: RHB Alex Villagomez 0-0: Ground out 6-3 (Groundball, 56D, EV 80.0 MPH)
Matt Kennedy scores
Batting: RHB Ben Hinman 0-0: Ball
1-0: Ground out 4-3 (Groundball, 4, EV 91.2 MPH)
Bottom of the 6th over - 2 runs, 1 hit, 0 errors, 1 left on base; Milwaukee (NYP) 0 - Cincinnati (NYP) 10
TOP OF THE 7TH
Milwaukee (NYP) Brewers batting - Pitching for Cincinnati (NYP) Reds : RHP Kevin Nabity
Batting: RHB Ryan Miller 0-0: Ball
1-0: Ground out 4-3 (Groundball, 4MS, EV 76.9 MPH)
Batting: RHB Chris Maul 0-0: Called Strike
0-1: Foul Ball, location: 2F
0-2: Strikes out swinging, 2-3 out at first.
Batting: RHB Jose Cerritos 0-0: Foul Ball, location: 2F
0-1: Ball
1-1: Called Strike
1-2: Strikes out swinging
Top of the 7th over - 0 runs, 0 hits, 0 errors, 0 left on base; Milwaukee (NYP) 0 - Cincinnati (NYP) 10
BOTTOM OF THE 7TH
Cincinnati (NYP) Reds batting - Pitching for Milwaukee (NYP) Brewers : LHP Richie van Wijngaarden
Pinch Hitting: RHB Travis Petrick 0-0: SINGLE (Flyball, 7LS, EV 93.1 MPH)
Pitching: RHP Alberto Cordovi
Batting: RHB John Hopkins 0-0: Ball
1-0: Ball
2-0: Called Strike
2-1: Foul Ball, location: 2F
2-2: Foul Ball, location: 2F
2-2: Foul Ball, location: 2F
2-2: Ground out 5-3 (Groundball, 56S, EV 70.0 MPH)
Travis Petrick to second
Batting: RHB Cyd Carver 0-0: Ball
1-0: Swinging Strike
1-1: Swinging Strike
1-2: Strikes out swinging
Pinch Hitting: LHB Jason Pirkle 0-0: Ball
1-0: Called Strike
1-1: Ground out 5-3 (Groundball, 5D, EV 85.6 MPH)
Bottom of the 7th over - 0 runs, 1 hit, 0 errors, 1 left on base; Milwaukee (NYP) 0 - Cincinnati (NYP) 10
TOP OF THE 8TH
Milwaukee (NYP) Brewers batting - Pitching for Cincinnati (NYP) Reds : RHP Kevin Nabity
Now at 2B: Travis Petrick
Now in CF: Jason Pirkle
Now in RF: Leo Gomez
Batting: RHB Victor Alarcon 0-0: Swinging Strike
0-1: Ball
1-1: Ball
2-1: Called Strike
2-2: Ball
3-2: Ground out 6-3 (Groundball, 56, EV 92.5 MPH)
Batting: RHB Leo Serrano 0-0: Foul Ball, location: 2F
0-1: Ball
1-1: Ground out 4-3 (Groundball, 34, EV 81.9 MPH)
Pinch Hitting: SHB Ramon Perez 0-0: Ball
1-0: Ball
2-0: Ball
3-0: Called Strike
3-1: Fly out, F7 (Flyball, 7D, EV 90.0 MPH)
Top of the 8th over - 0 runs, 0 hits, 0 errors, 0 left on base; Milwaukee (NYP) 0 - Cincinnati (NYP) 10
BOTTOM OF THE 8TH
Cincinnati (NYP) Reds batting - Pitching for Milwaukee (NYP) Brewers : RHP Alberto Cordovi
Now at 3B: Ramon Perez
Now at SS: Orlando Torres
Pinch Hitting: RHB Jay Jacobson 0-0: Foul Ball, location: 2F
0-1: Swinging Strike
0-2: Strikes out swinging
Pinch Hitting: RHB Pat McCoy 0-0: Called Strike
0-1: Ball
1-1: Ball
2-1: Called Strike
2-2: Strikes out looking
Batting: SHB Jaivata Mohanty 0-0: Ball
1-0: Ball
2-0: Called Strike
2-1: Ball
3-1: Base on Balls
Batting: RHB Alex Villagomez 0-0: Ball
1-0: Called Strike
1-1: Swinging Strike
1-2: Foul Ball, location: 2F
1-2: Strikes out swinging
Bottom of the 8th over - 0 runs, 0 hits, 0 errors, 1 left on base; Milwaukee (NYP) 0 - Cincinnati (NYP) 10
TOP OF THE 9TH
Milwaukee (NYP) Brewers batting - Pitching for Cincinnati (NYP) Reds : RHP Kevin Nabity
Now in LF: Pat McCoy
Now in RF: Jay Jacobson
Batting: SHB Aaron Neill 0-0: Ball
1-0: Called Strike
1-1: Ball
2-1: Ground out U3 (Groundball, 3, EV 93.8 MPH)
Batting: SHB Orlando Torres 0-0: Ball
1-0: Fly out, F4 (Popup, 34S, EV 70.0 MPH)
Batting: LHB Tyler Francis 0-0: Ball
1-0: Ball
2-0: Called Strike
2-1: SINGLE (Flyball, 8RS, EV 89.4 MPH)
Pitching: LHP Jeff Wall
Batting: RHB Ryan Miller 0-0: SINGLE (Line Drive, 6D, EV 108.1 MPH)
Tyler Francis to second
Batting: RHB Chris Maul 0-0: Called Strike
0-1: Called Strike
0-2: Strikes out swinging
Top of the 9th over - 0 runs, 2 hits, 0 errors, 2 left on base; Milwaukee (NYP) 0 - Cincinnati (NYP) 10
Thursday, December 15th , 2022 - OOTP Baseball 23.9 Build 102